Marlies vs Senators

Created - Monday, March 10, 2025 at 20:21

Goals
1 2 3 T
Marlies 5 0 1 6
Senators 3 1 0 4
Shots
1 2 3 T
Marlies 23 8 5 36
Senators 12 10 12 34

1st period

1. Marlies , Shane Wright 31 (Brad Lambert 30) at 0:35 (PP)
2. Marlies , Austin Poganski 23 (Denis Gurianov 33, Devin Shore 29) at 2:03 (PP)
3. Senators , Gerry Mayhew 28 (Graeme Clarke 52) at 4:14
4. Marlies , Will Bitten 16 (Denis Gurianov 34) at 5:55
5. Senators , Dakota Mermis 21 (Mathieu Olivier 41, Cameron Hebig 24) at 6:03
6. Marlies , Denis Gurianov 22 (Devin Shore 30, Steven Kampfer 12) at 13:09
7. Senators , Gerry Mayhew 29 (Tye Felhaber 20, Graeme Clarke 53) at 13:19
8. Marlies , Callan Foote 8 (Matthew Robertson 25, Devin Shore 31) at 15:24 (PP)

Penalties :
Gerry Mayhew (BEL) for Hooking (Minor) at 0:31, Roland McKeown (BEL) for Tripping (Minor) at 1:09, Roland McKeown (BEL) for Fighting (Major) at 5:36, Callan Foote (TOR) for Fighting (Major) at 5:36, Cedric Pare (TOR) for Roughing (Minor) at 6:04, Shane Wright (TOR) for Slashing (Minor) at 9:32, Milan Lucic (BEL) for High sticking (Double Minor) at 14:28

2nd period

9. Senators , Mathieu Olivier 23 (Dakota Mermis 29, Cameron Hebig 25) at 2:10

Penalties :
Dakota Mermis (BEL) for Holding (Minor) at 2:37, Milan Lucic (BEL) for Interference (Minor) at 3:24, Taylor Fedun (TOR) for Goalie Interference (Minor) at 9:04, Lassi Thomson (BEL) for Hooking (Minor) at 11:44, Logan Day (BEL) for Slashing (Minor) at 11:57, Tye Felhaber (BEL) for Hooking (Minor) at 15:26

3rd period

10. Marlies , Shane Wright 32 (Callan Foote 19, Brad Lambert 31) at 3:18

Penalties :
Matthew Robertson (TOR) for High sticking (Minor) at 4:19, Layton Ahac (TOR) for Interference (Minor) at 6:15, Tyler Spezia (BEL) for Roughing (Minor) at 8:42, Layton Ahac (TOR) for Tripping (Minor) at 15:59, Gerry Mayhew (BEL) for Holding (Minor) at 19:24

Goalie Stats

Jakub Dobes (TOR), 30 saves from 34 shots - (0.882), W, 20-22-4, 60:00 minutes
Alexei Kolosov (BEL), 11 saves from 15 shots - (0.733), 13:09 minutes
Pavel Cajan (BEL), 19 saves from 21 shots - (0.905), L, 8-7-1, 46:51 minutes

Players Stats for Marlies

Player Name              G  A  P  +/- PIM S  H  SB GA TA FO     MP     PP MP  PK MP  
------------------------------------------------------------------------------------
Austin Poganski          1  0  1   1  0   3  1  0  0  0  2/2    14:09   7:09   0:00 
Brad Lambert             0  2  2  -1  0   6  2  0  0  0  0/1    20:46   6:15   3:08 
Callan Foote             1  1  2   1  5   1  3  2  0  0  0/0    20:12   6:39   4:07 
Cedric Pare              0  0  0  -1  2   2  4  0  0  0  6/20   16:53   0:00   0:00 
Curtis Douglas           0  0  0   0  0   0  0  0  0  0  0/0     0:00   0:00   0:00 
Denis Gurianov           1  2  3   2  0   3  0  0  0  0  2/4    21:27   6:46   2:03 
Devin Shore              0  3  3   1  0   3  0  0  0  0  9/24   17:49   6:27   3:08 
Jake Leschyshyn          0  0  0   0  0   0  0  0  0  0  0/0     0:10   0:00   0:10 
Joe Gambardella          0  0  0  -1  0   1  1  1  0  0  1/1    22:50   5:58   5:29 
Kyle Capobianco          0  0  0  -1  0   3  2  2  0  0  0/0    21:58   5:19   5:26 
Layton Ahac              0  0  0  -1  4   0  1  4  0  0  0/0    14:36   0:00   0:35 
Matthew Robertson        0  1  1  -1  2   1  3  2  0  0  0/0    24:20   7:18   4:35 
Michael Milne            0  0  0  -2  0   3  0  1  0  0  0/0    12:08   0:40   0:06 
Samu Tuomaala            0  0  0  -2  0   1  0  1  0  0  0/0    11:47   0:00   0:00 
Shane Wright             2  0  2  -1  2   5  3  0  0  0  10/29  17:55   6:15   1:01 
Steven Kampfer           0  1  1   1  0   0  1  0  0  0  0/0    17:16   1:39   3:18 
Taylor Fedun             0  0  0  -1  2   2  2  1  0  0  0/0    21:20   5:53   3:21 
Will Bitten              1  0  1   1  0   2  1  0  0  0  3/9    13:26   0:42   6:41 

Players Stats for Senators

Player Name              G  A  P  +/- PIM S  H  SB GA TA FO     MP     PP MP  PK MP  
------------------------------------------------------------------------------------
Cal O'Reilly             0  0  0  -1  0   0  0  2  0  0  5/12   13:38   0:00   4:21 
Cameron Hebig            0  2  2   1  0   3  0  0  0  0  0/1    15:31   4:42   0:26 
Dakota Mermis            1  1  2   2  2   3  2  0  0  0  0/0    17:20   5:46   1:39 
Gerry Mayhew             2  0  2   1  4   6  2  0  0  0  1/1    13:53   4:59   0:00 
Givani Smith             0  0  0   0  0   2  1  1  0  0  2/2    12:44   5:32   0:00 
Graeme Clarke            0  2  2   1  0   1  0  0  0  0  5/11   16:09   6:06   1:07 
Greg McKegg              0  0  0   0  0   2  1  1  0  0  12/18  15:24   0:13   7:59 
Jon Merrill              0  0  0  -2  0   2  1  1  0  0  0/0    17:16   4:18   1:10 
Lassi Thomson            0  0  0   1  2   1  4  3  0  0  0/0    21:09   0:00   6:19 
Logan Day                0  0  0  -1  2   0  2  1  0  0  0/0    15:14   0:00   5:04 
Mathieu Olivier          1  1  2   1  0   5  6  0  0  0  2/4    20:57   5:14   5:20 
Milan Lucic              0  0  0  -1  6   2  2  0  0  0  0/0    11:12   0:17   1:39 
Peter Abbandonato        0  0  0   0  0   1  0  0  0  0  13/20  12:44   5:32   0:00 
Roland McKeown           0  0  0   1  7   1  1  2  0  0  0/0    19:46   0:00   7:14 
Seth Griffith            0  0  0   1  0   1  0  0  0  0  14/18  15:39   5:16   0:00 
Tye Felhaber             0  1  1   1  2   1  2  0  0  0  3/3    17:13   5:21   2:57 
Tyler Spezia             0  0  0  -1  2   3  0  0  0  0  0/0     9:16   0:00   0:00 
William Villeneuve       0  0  0   1  0   0  1  2  0  0  0/0    18:22   0:44   5:21 

3 Stars

1 - Denis Gurianov (TOR)
2 - Mathieu Olivier (BEL)
3 - Devin Shore (TOR)

Power Play

Marlies - 3 on 11 Attempt(s) - 27.27%
Senators - 0 on 6 Attempt(s) - 0.00%

Penalty Kill

Marlies - 6 on 6 Attempt(s) - 100.00% - Score 0 goal in Penalty Kill
Senators - 8 on 11 Attempt(s) - 72.73% - Score 0 goal in Penalty Kill

Team Stat

Marlies - Hits : 24 - Faceoff Wins : 33 - Blocked Shots : 14 - Penalty Minutes : 17
Senators - Hits : 25 - Faceoff Wins : 57 - Blocked Shots : 13 - Penalty Minutes : 27

Official

Referees : Michael Markovic and Jon Mcisaac
Linesman : Brandon Gawryletz and Scott Cherrey

Game Notes

Roland McKeown and Callan Foote fight to a draw at 5:36 of 1st period
Pavel Cajan enters game at 13:09 of 1st period

Finance

Level 1 -- Attendance: 1991 (99.55%) -- Ticket Income $69,685
Level 2 -- Attendance: 945 (94.50%) -- Ticket Income $14,175
Total Attendance: 2936 (97.87%)
Total Ticket Income: $83,860
Other Income: $41,091
Total Income: $124,951

Marlies

5 vs 5 Forward 
   Center                   Left Wing                Right Wing               Time % Phy DF OF 
 1 Shane Wright             Joe Gambardella          Brad Lambert             25     0   2  3  
 2 Devin Shore              Denis Gurianov           Austin Poganski          25     0   3  2  
 3 Cedric Pare              Michael Milne            Samu Tuomaala            25     0   3  2  
 4 Cedric Pare              Denis Gurianov           Will Bitten              25     0   3  2  

5 vs 5 Defense 
   Defense                  Defense                                           Time % Phy DF OF 
 1 Matthew Robertson        Kyle Capobianco                                   25     1   2  2  
 2 Callan Foote             Steven Kampfer                                    25     1   2  2  
 3 Taylor Fedun             Layton Ahac                                       25     1   2  2  
 4 Matthew Robertson        Kyle Capobianco                                   25     1   2  2  

PowerPlay Forward 
   Center                   Left Wing                Right Wing               Time % Phy DF OF 
 1 Shane Wright             Joe Gambardella          Brad Lambert             60     0   1  4  
 2 Devin Shore              Denis Gurianov           Austin Poganski          40     0   1  4  

PowerPlay Defense
   Defense                  Defense                                           Time % Phy DF OF 
 1 Matthew Robertson        Callan Foote                                      60     0   2  3  
 2 Taylor Fedun             Kyle Capobianco                                   40     0   2  3  

Penalty Kill 4 Players Forward 
   Center                   Wing                     Time % Phy DF OF 
 1 Will Bitten              Joe Gambardella          60     0   4  1  
 2 Devin Shore              Brad Lambert             40     0   4  1  

Penalty Kill 4 Players Defense
   Defense                  Defense                  Time % Phy DF OF 
 1 Matthew Robertson        Taylor Fedun             60     1   4  0  
 2 Callan Foote             Kyle Capobianco          40     1   4  0  

Penalty Kill - 3 Players Forward 
   Forward                                           Time % Phy DF OF 
 1 Will Bitten                                       60     0   5  0  
 2 Devin Shore                                       40     0   5  0  

Penalty Kill - 3 Players Defense
   Defense                  Defense                  Time % Phy DF OF 
 1 Taylor Fedun             Matthew Robertson        60     0   5  0  
 2 Callan Foote             Kyle Capobianco          40     0   5  0  

4 vs 4 Forward 
   Center                   Wing                     Time % Phy DF OF 
 1 Shane Wright             Brad Lambert             60     0   3  2  
 2 Devin Shore              Denis Gurianov           40     0   3  2  

4 vs 4 Defense
   Defense                  Defense                  Time % Phy DF OF 
 1 Callan Foote             Matthew Robertson        60     0   3  2  
 2 Kyle Capobianco          Steven Kampfer           40     0   3  2  

Last Minutes Offensive
   Center                   Left Wing                Right Wing               Defense                  Defense                  
   Shane Wright             Devin Shore              Brad Lambert             Matthew Robertson        Kyle Capobianco          

Last Minutes Defensive
   Center                   Left Wing                Right Wing               Defense                  Defense                  
   Shane Wright             Denis Gurianov           Devin Shore              Steven Kampfer           Kyle Capobianco          

Goaltenders
Starting : Jakub Dobes              
Backup : Jesper Vikman            

Extra Forwards
Normal : Devin Shore, Samu Tuomaala, Brad Lambert - PP : Devin Shore, Brad Lambert - PK : Shane Wright
Extra Defensemen
Normal : Matthew Robertson, Kyle Capobianco, Callan Foote - PP : Callan Foote - PK : Kyle Capobianco, Callan Foote
Penalty Shots
Shane Wright, Brad Lambert, Devin Shore, Will Bitten, Austin Poganski
Custom OT Lines Forwards
Devin Shore, Shane Wright, Brad Lambert, Austin Poganski, Denis Gurianov, Joe Gambardella, Samu Tuomaala, Michael Milne, Will Bitten, Cedric Pare
Custom OT Lines Defensemen
Matthew Robertson, Kyle Capobianco, Taylor Fedun, Callan Foote, Steven Kampfer

Scratches
Cameron Gaunce (Healthy), Nico Myatovic (Healthy), Raivis Ansons (Healthy), Christian Kyrou (Healthy), Isaac Ratcliffe (Healthy)
Ilya Nikolayev (Healthy), Filip Johansson (Healthy), Josh Wesley (Healthy), Olivier Rodrigue (Healthy)

Senators

5 vs 5 Forward 
   Center                   Left Wing                Right Wing               Time % Phy DF OF 
 1 Seth Griffith            Cameron Hebig            Mathieu Olivier          30     0   1  4  
 2 Graeme Clarke            Tye Felhaber             Gerry Mayhew             27     0   1  4  
 3 Peter Abbandonato        Greg McKegg              Givani Smith             24     0   1  4  
 4 Cal O'Reilly             Tyler Spezia             Milan Lucic              19     0   1  4  

5 vs 5 Defense 
   Defense                  Defense                                           Time % Phy DF OF 
 1 William Villeneuve       Dakota Mermis                                     30     0   4  1  
 2 Logan Day                Jon Merrill                                       30     0   4  1  
 3 Roland McKeown           Lassi Thomson                                     30     0   4  1  
 4 William Villeneuve       Dakota Mermis                                     10     0   4  1  

PowerPlay Forward 
   Center                   Left Wing                Right Wing               Time % Phy DF OF 
 1 Seth Griffith            Mathieu Olivier          Gerry Mayhew             60     0   0  5  
 2 Peter Abbandonato        Tye Felhaber             Givani Smith             40     0   0  5  

PowerPlay Defense
   Defense                  Defense                                           Time % Phy DF OF 
 1 Graeme Clarke            Dakota Mermis                                     60     0   1  4  
 2 Cameron Hebig            Jon Merrill                                       40     0   1  4  

Penalty Kill 4 Players Forward 
   Center                   Wing                     Time % Phy DF OF 
 1 Greg McKegg              Mathieu Olivier          60     0   4  1  
 2 Cal O'Reilly             Milan Lucic              40     0   4  1  

Penalty Kill 4 Players Defense
   Defense                  Defense                  Time % Phy DF OF 
 1 William Villeneuve       Logan Day                60     0   5  0  
 2 Lassi Thomson            Roland McKeown           40     0   5  0  

Penalty Kill - 3 Players Forward 
   Forward                                           Time % Phy DF OF 
 1 Greg McKegg                                       60     0   5  0  
 2 Cal O'Reilly                                      40     0   5  0  

Penalty Kill - 3 Players Defense
   Defense                  Defense                  Time % Phy DF OF 
 1 William Villeneuve       Logan Day                60     0   5  0  
 2 Lassi Thomson            Roland McKeown           40     0   5  0  

4 vs 4 Forward 
   Center                   Wing                     Time % Phy DF OF 
 1 Seth Griffith            Gerry Mayhew             60     0   0  5  
 2 Peter Abbandonato        Givani Smith             40     0   0  5  

4 vs 4 Defense
   Defense                  Defense                  Time % Phy DF OF 
 1 Graeme Clarke            Dakota Mermis            60     0   1  4  
 2 Cameron Hebig            Jon Merrill              40     0   1  4  

Last Minutes Offensive
   Center                   Left Wing                Right Wing               Defense                  Defense                  
   Seth Griffith            Mathieu Olivier          Gerry Mayhew             Graeme Clarke            Dakota Mermis            

Last Minutes Defensive
   Center                   Left Wing                Right Wing               Defense                  Defense                  
   Cal O'Reilly             Greg McKegg              Mathieu Olivier          Dakota Mermis            William Villeneuve       

Goaltenders
Starting : Alexei Kolosov           
Backup : Pavel Cajan              

Extra Forwards
Normal : Seth Griffith, Gerry Mayhew, Graeme Clarke - PP : Seth Griffith, Graeme Clarke - PK : Mathieu Olivier
Extra Defensemen
Normal : Dakota Mermis, Jon Merrill, William Villeneuve - PP : Dakota Mermis - PK : Dakota Mermis, William Villeneuve
Penalty Shots
Gerry Mayhew, Seth Griffith, Graeme Clarke, Cameron Hebig, Mathieu Olivier
Custom OT Lines Forwards
Seth Griffith, Mathieu Olivier, Graeme Clarke, Givani Smith, Gerry Mayhew, Cameron Hebig, Peter Abbandonato, Greg McKegg, Cal O'Reilly, Milan Lucic
Custom OT Lines Defensemen
Dakota Mermis, Jon Merrill, William Villeneuve, Roland McKeown, Logan Day

Scratches
Mike Benning (Healthy), Blake Hillman (Healthy), Alex Whelan (Healthy), Zach Jordan (Healthy), Travis Barron (Healthy)
Mark Pysyk (Healthy), Josh Melnick (Healthy), Nikolas Brouillard (Healthy)

% Time on Ice - Marlies

Lines # - Real PCT - Wanted PCT - Time Play
Normal Forward
1 - 32% - 25% - 11:23
2 - 20% - 25% - 7:00
3 - 32% - 25% - 11:22
4 - 17% - 25% - 6:03
Normal Defense
1 - 17% - 25% - 5:56
2 - 30% - 25% - 10:35
3 - 39% - 25% - 14:02
4 - 15% - 25% - 5:15
PP Forward
1 - 47% - 60% - 6:15
2 - 53% - 40% - 7:09
PP Defense
1 - 56% - 60% - 7:31
2 - 44% - 40% - 5:53
PK Forward
1 - 71% - 60% - 7:37
2 - 29% - 40% - 3:08
PK Defense
1 - 65% - 60% - 7:00
2 - 35% - 40% - 3:45
PK3 Forward
1 - 100% - 60% - 0:03
2 - 0% - 40% - 0:00
PK3 Defense
1 - 100% - 60% - 0:03
2 - 0% - 40% - 0:00
44 Forward
1 - 0% - 60%
2 - 0% - 40%
44 Defense
1 - 0% - 60%
2 - 0% - 40%
Last Minute Offensive  - 0:00
Last Minute Defensive  - 0:00
Total
Forward - 60:00
Defense - 60:00

% Time on Ice - Senators

Lines # - Real PCT - Wanted PCT - Time Play
Normal Forward
1 - 29% - 30% - 10:23
2 - 25% - 27% - 8:56
3 - 20% - 24% - 7:12
4 - 26% - 19% - 9:17
Normal Defense
1 - 30% - 30% - 10:39
2 - 28% - 30% - 10:10
3 - 41% - 30% - 14:51
4 - 0% - 10% - 0:08
PP Forward
1 - 49% - 60% - 5:16
2 - 51% - 40% - 5:32
PP Defense
1 - 56% - 60% - 6:06
2 - 44% - 40% - 4:42
PK Forward
1 - 63% - 60% - 6:36
2 - 37% - 40% - 3:50
PK Defense
1 - 42% - 60% - 4:23
2 - 58% - 40% - 6:03
PK3 Forward
1 - 83% - 60% - 2:27
2 - 17% - 40% - 0:31
PK3 Defense
1 - 52% - 60% - 1:33
2 - 48% - 40% - 1:25
44 Forward
1 - 0% - 60%
2 - 0% - 40%
44 Defense
1 - 0% - 60%
2 - 0% - 40%
Last Minute Offensive  - 0:00
Last Minute Defensive  - 0:00
Total
Forward - 60:00
Defense - 60:00

Play-by-Play

1st period


0:01 of 1st period - Seth Griffith wins face-off versus Shane Wright in neutral zone.
0:03 of 1st period - Dakota Mermis is hit by Matthew Robertson and loses puck.
0:10 of 1st period - Shot by Seth Griffith.
0:10 of 1st period - Shot Misses the Net.
0:12 of 1st period - Shot by Mathieu Olivier.
0:12 of 1st period - Stopped by Jakub Dobes without a rebound.
0:13 of 1st period - Graeme Clarke wins face-off versus Devin Shore in Marlies zone.
0:31 of 1st period - Minor Penalty to Gerry Mayhew for Hooking.
0:32 of 1st period - Shane Wright wins face-off versus Greg McKegg in Senators zone.
0:35 of 1st period - Shot by Shane Wright.
0:35 of 1st period - Goal by Shane Wright - Marlies : 1 - Senators : 0.
0:36 of 1st period - Peter Abbandonato wins face-off versus Cedric Pare in neutral zone.
0:49 of 1st period - Icing by Greg McKegg.
0:50 of 1st period - Peter Abbandonato wins face-off versus Cedric Pare in Senators zone.
0:50 of 1st period - Peter Abbandonato is hit by Cedric Pare.
0:57 of 1st period - Icing by Peter Abbandonato.
0:58 of 1st period - Shane Wright wins face-off versus Peter Abbandonato in Senators zone.
0:58 of 1st period - Brad Lambert is hit by Roland McKeown and loses puck.
1:03 of 1st period - Shot by Shane Wright.
1:03 of 1st period - Shot Misses the Net.
1:05 of 1st period - Shot by Shane Wright.
1:05 of 1st period - Shot Misses the Net.
1:07 of 1st period - Shot by Kyle Capobianco.
1:07 of 1st period - Stopped by Alexei Kolosov with a rebound.
1:09 of 1st period - Shot by Matthew Robertson.
1:09 of 1st period - Stopped by Alexei Kolosov without a rebound.
1:09 of 1st period - Minor Penalty to Roland McKeown for Tripping.
1:10 of 1st period - Devin Shore wins face-off versus Greg McKegg in Senators zone.
1:27 of 1st period - Shot by Denis Gurianov.
1:27 of 1st period - Deflect By Austin Poganski.
1:27 of 1st period - Stopped by Alexei Kolosov without a rebound.
1:28 of 1st period - Shane Wright wins face-off versus Cal O'Reilly in Senators zone.
1:31 of 1st period - Shot by Brad Lambert.
1:31 of 1st period - Shot Misses the Net.
1:33 of 1st period - Shot by Kyle Capobianco.
1:33 of 1st period - Shot Misses the Net.
1:41 of 1st period - Shot by Brad Lambert.
1:41 of 1st period - Stopped by Alexei Kolosov without a rebound.
1:42 of 1st period - Devin Shore wins face-off versus Greg McKegg in Senators zone.
1:44 of 1st period - Denis Gurianov is hit by William Villeneuve and loses puck.
2:03 of 1st period - Shot by Austin Poganski.
2:03 of 1st period - Goal by Austin Poganski - Marlies : 2 - Senators : 0.
2:04 of 1st period - Cal O'Reilly wins face-off versus Cedric Pare in neutral zone.
2:16 of 1st period - Shot by Michael Milne.
2:16 of 1st period - Shot Misses the Net.
2:21 of 1st period - Icing by Lassi Thomson.
2:22 of 1st period - Cal O'Reilly wins face-off versus Shane Wright in Senators zone.
3:14 of 1st period - Shot by Cedric Pare.
3:14 of 1st period - Stopped by Alexei Kolosov with a rebound.
3:16 of 1st period - Shot by Cedric Pare.
3:16 of 1st period - Deflect By Denis Gurianov.
3:16 of 1st period - Shot Misses the Net.
3:18 of 1st period - Shot by Denis Gurianov.
3:18 of 1st period - Deflect By Will Bitten.
3:18 of 1st period - Stopped by Alexei Kolosov without a rebound.
3:19 of 1st period - Seth Griffith wins face-off versus Devin Shore in Senators zone.
3:21 of 1st period - Icing by Dakota Mermis.
3:22 of 1st period - Seth Griffith wins face-off versus Cedric Pare in Senators zone.
3:34 of 1st period - Shot by Seth Griffith.
3:34 of 1st period - Deflect By Cameron Hebig.
3:34 of 1st period - Shot Misses the Net.
3:36 of 1st period - Shot by Seth Griffith.
3:36 of 1st period - Shot Blocked by Layton Ahac.
3:38 of 1st period - Shot by Dakota Mermis.
3:38 of 1st period - Shot Blocked by Samu Tuomaala.
3:40 of 1st period - Shot by Mathieu Olivier.
3:40 of 1st period - Shot Misses the Net.
3:42 of 1st period - Shot by Cameron Hebig.
3:42 of 1st period - Shot Misses the Net.
3:50 of 1st period - Shot by Mathieu Olivier.
3:50 of 1st period - Deflect By Seth Griffith.
3:50 of 1st period - Shot Blocked by Michael Milne.
4:14 of 1st period - Shot by Gerry Mayhew.
4:14 of 1st period - Goal by Gerry Mayhew - Marlies : 2 - Senators : 1.
4:15 of 1st period - Peter Abbandonato wins face-off versus Devin Shore in neutral zone.
4:15 of 1st period - Jon Merrill is hit by Austin Poganski and loses puck.
4:40 of 1st period - Jon Merrill is hit by Matthew Robertson and loses puck.
4:43 of 1st period - Shot by Givani Smith.
4:43 of 1st period - Stopped by Jakub Dobes with a rebound.
4:45 of 1st period - Shot by Givani Smith.
4:45 of 1st period - Shot Misses the Net.
5:14 of 1st period - Graeme Clarke is hit by Steven Kampfer and loses puck.
5:29 of 1st period - Shot by Brad Lambert.
5:29 of 1st period - Shot Misses the Net.
5:36 of 1st period - Roland McKeown and Callan Foote fight to a draw.
5:36 of 1st period - Penalty to Roland McKeown for Fighting.
5:36 of 1st period - Penalty to Callan Foote for Fighting.
5:37 of 1st period - Seth Griffith wins face-off versus Cedric Pare in neutral zone.
5:49 of 1st period - Shot by Samu Tuomaala.
5:49 of 1st period - Deflect By Michael Milne.
5:49 of 1st period - Stopped by Alexei Kolosov with a rebound.
5:51 of 1st period - Shot by Michael Milne.
5:51 of 1st period - Stopped by Alexei Kolosov without a rebound.
5:52 of 1st period - Denis Gurianov wins face-off versus Cal O'Reilly in Senators zone.
5:55 of 1st period - Shot by Will Bitten.
5:55 of 1st period - Goal by Will Bitten - Marlies : 3 - Senators : 1.
5:56 of 1st period - Mathieu Olivier wins face-off versus Shane Wright in neutral zone.
6:03 of 1st period - Shot by Dakota Mermis.
6:03 of 1st period - Goal by Dakota Mermis - Marlies : 3 - Senators : 2.
6:04 of 1st period - Seth Griffith wins face-off versus Will Bitten in neutral zone.
6:04 of 1st period - Minor Penalty to Cedric Pare for Roughing.
6:05 of 1st period - Will Bitten wins face-off versus Seth Griffith in Marlies zone.
6:34 of 1st period - Shot by Graeme Clarke.
6:34 of 1st period - Shot Misses the Net.
6:36 of 1st period - Shot by Mathieu Olivier.
6:36 of 1st period - Shot Misses the Net.
6:38 of 1st period - Shot by Mathieu Olivier.
6:38 of 1st period - Stopped by Jakub Dobes without a rebound.
6:39 of 1st period - Peter Abbandonato wins face-off versus Devin Shore in Marlies zone.
6:40 of 1st period - Shot by Jon Merrill.
6:40 of 1st period - Stopped by Jakub Dobes without a rebound.
6:41 of 1st period - Peter Abbandonato wins face-off versus Will Bitten in Marlies zone.
6:54 of 1st period - Shot by Jon Merrill.
6:54 of 1st period - Shot Misses the Net.
6:56 of 1st period - Shot by Peter Abbandonato.
6:56 of 1st period - Shot Hit the Post.
7:10 of 1st period - Shot by Jon Merrill.
7:10 of 1st period - Shot Misses the Net.
7:12 of 1st period - Shot by Jon Merrill.
7:12 of 1st period - Shot Misses the Net.
7:41 of 1st period - Icing by Graeme Clarke.
7:42 of 1st period - Seth Griffith wins face-off versus Brad Lambert in Senators zone.
7:55 of 1st period - Shot by Dakota Mermis.
7:55 of 1st period - Stopped by Jakub Dobes without a rebound.
7:56 of 1st period - Devin Shore wins face-off versus Peter Abbandonato in Marlies zone.
8:18 of 1st period - Cal O'Reilly is hit by Cedric Pare and loses puck.
9:16 of 1st period - Shot by Denis Gurianov.
9:16 of 1st period - Shot Blocked by Lassi Thomson.
9:20 of 1st period - Shot by Denis Gurianov.
9:20 of 1st period - Deflect By Devin Shore.
9:20 of 1st period - Stopped by Alexei Kolosov without a rebound.
9:21 of 1st period - Seth Griffith wins face-off versus Shane Wright in Senators zone.
9:28 of 1st period - Shot by Brad Lambert.
9:28 of 1st period - Stopped by Alexei Kolosov without a rebound.
9:29 of 1st period - Tye Felhaber wins face-off versus Shane Wright in Senators zone.
9:29 of 1st period - Tye Felhaber is hit by Brad Lambert.
9:32 of 1st period - Minor Penalty to Shane Wright for Slashing.
9:33 of 1st period - Devin Shore wins face-off versus Mathieu Olivier in Marlies zone.
9:33 of 1st period - Devin Shore is hit by Mathieu Olivier.
9:40 of 1st period - Brad Lambert is hit by Jon Merrill and loses puck.
10:25 of 1st period - Matthew Robertson is hit by Mathieu Olivier.
10:44 of 1st period - Shot by Dakota Mermis.
10:44 of 1st period - Shot Blocked by Callan Foote.
11:47 of 1st period - Shot by Samu Tuomaala.
11:47 of 1st period - Shot Blocked by Cal O'Reilly.
11:49 of 1st period - Shot by Michael Milne.
11:49 of 1st period - Shot Misses the Net.
12:38 of 1st period - Shot by Seth Griffith.
12:38 of 1st period - Shot Hit the Post.
13:05 of 1st period - Shot by Steven Kampfer.
13:05 of 1st period - Shot Blocked by Jon Merrill.
13:07 of 1st period - Shot by Devin Shore.
13:07 of 1st period - Stopped by Alexei Kolosov with a rebound.
13:09 of 1st period - Shot by Denis Gurianov.
13:09 of 1st period - Goal by Denis Gurianov - Marlies : 4 - Senators : 2.
13:09 of 1st period - Pavel Cajan enters game.
13:10 of 1st period - Graeme Clarke wins face-off versus Cedric Pare in neutral zone.
13:19 of 1st period - Shot by Gerry Mayhew.
13:19 of 1st period - Goal by Gerry Mayhew - Marlies : 4 - Senators : 3.
13:20 of 1st period - Peter Abbandonato wins face-off versus Cedric Pare in neutral zone.
14:18 of 1st period - Tye Felhaber is hit by Kyle Capobianco.
14:20 of 1st period - Shot by Gerry Mayhew.
14:20 of 1st period - Shot Misses the Net.
14:22 of 1st period - Shot by Graeme Clarke.
14:22 of 1st period - Shot Blocked by Matthew Robertson.
14:24 of 1st period - Shot by Lassi Thomson.
14:24 of 1st period - Stopped by Jakub Dobes with a rebound.
14:26 of 1st period - Shot by Roland McKeown.
14:26 of 1st period - Stopped by Jakub Dobes without a rebound.
14:27 of 1st period - Shane Wright wins face-off versus Cal O'Reilly in Marlies zone.
14:27 of 1st period - Shane Wright is hit by Milan Lucic.
14:28 of 1st period - Double Minor Penalty to Milan Lucic for High sticking.
14:29 of 1st period - Greg McKegg wins face-off versus Shane Wright in Senators zone.
14:42 of 1st period - Shot by Kyle Capobianco.
14:42 of 1st period - Shot Misses the Net.
14:44 of 1st period - Shot by Brad Lambert.
14:44 of 1st period - Stopped by Pavel Cajan without a rebound.
14:45 of 1st period - Greg McKegg wins face-off versus Devin Shore in Senators zone.
14:51 of 1st period - Icing by Callan Foote.
14:52 of 1st period - Devin Shore wins face-off versus Greg McKegg in Marlies zone.
14:56 of 1st period - Devin Shore is hit by Mathieu Olivier and loses puck.
15:08 of 1st period - Shot by Denis Gurianov.
15:08 of 1st period - Shot Misses the Net.
15:10 of 1st period - Shot by Austin Poganski.
15:10 of 1st period - Shot Misses the Net.
15:12 of 1st period - Shot by Denis Gurianov.
15:12 of 1st period - Shot Misses the Net.
15:22 of 1st period - Shot by Matthew Robertson.
15:22 of 1st period - Shot Misses the Net.
15:24 of 1st period - Shot by Callan Foote.
15:24 of 1st period - Goal by Callan Foote - Marlies : 5 - Senators : 3.
15:25 of 1st period - Cal O'Reilly wins face-off versus Shane Wright in neutral zone.
16:57 of 1st period - Shot by Brad Lambert.
16:57 of 1st period - Shot Misses the Net.
16:59 of 1st period - Shot by Brad Lambert.
16:59 of 1st period - Stopped by Pavel Cajan with a rebound.
17:01 of 1st period - Shot by Brad Lambert.
17:01 of 1st period - Shot Blocked by Cal O'Reilly.
17:03 of 1st period - Shot by Joe Gambardella.
17:03 of 1st period - Stopped by Pavel Cajan with a rebound.
17:09 of 1st period - Shot by Shane Wright.
17:09 of 1st period - Deflect By Brad Lambert.
17:09 of 1st period - Shot Blocked by Lassi Thomson.
17:11 of 1st period - Shot by Taylor Fedun.
17:11 of 1st period - Stopped by Pavel Cajan with a rebound.
17:24 of 1st period - Steven Kampfer is hit by Logan Day and loses puck.
17:43 of 1st period - Shot by Samu Tuomaala.
17:43 of 1st period - Deflect By Michael Milne.
17:43 of 1st period - Shot Blocked by Greg McKegg.
17:45 of 1st period - Shot by Cedric Pare.
17:45 of 1st period - Shot Misses the Net.
17:47 of 1st period - Shot by Michael Milne.
17:47 of 1st period - Stopped by Pavel Cajan without a rebound.
17:48 of 1st period - Seth Griffith wins face-off versus Cedric Pare in Senators zone.
18:13 of 1st period - Shot by Seth Griffith.
18:13 of 1st period - Shot Misses the Net.
18:15 of 1st period - Shot by Dakota Mermis.
18:15 of 1st period - Stopped by Jakub Dobes without a rebound.
18:16 of 1st period - Peter Abbandonato wins face-off versus Cedric Pare in Marlies zone.
18:17 of 1st period - Shot by Givani Smith.
18:17 of 1st period - Stopped by Jakub Dobes without a rebound.
18:18 of 1st period - Peter Abbandonato wins face-off versus Cedric Pare in Marlies zone.
18:37 of 1st period - Shot by Greg McKegg.
18:37 of 1st period - Deflect By Givani Smith.
18:37 of 1st period - Shot Misses the Net.
18:43 of 1st period - Shot by Samu Tuomaala.
18:43 of 1st period - Stopped by Pavel Cajan with a rebound.
18:45 of 1st period - Shot by Layton Ahac.
18:45 of 1st period - Shot Misses the Net.
18:47 of 1st period - Shot by Taylor Fedun.
18:47 of 1st period - Shot Misses the Net.
18:59 of 1st period - Icing by Matthew Robertson.
19:00 of 1st period - Seth Griffith wins face-off versus Shane Wright in Marlies zone.
19:21 of 1st period - Shot by Brad Lambert.
19:21 of 1st period - Shot Blocked by William Villeneuve.
19:23 of 1st period - Shot by Shane Wright.
19:23 of 1st period - Stopped by Pavel Cajan without a rebound.
19:24 of 1st period - Austin Poganski wins face-off versus Cal O'Reilly in Senators zone.
19:24 of 1st period - Austin Poganski is hit by Lassi Thomson.
19:57 of 1st period - Shot by Austin Poganski.
19:57 of 1st period - Shot Misses the Net.
Goals for this period are 5 for Marlies vs 3 for Senators.
Shots for this period are 23 for Marlies vs 12 for Senators.

2nd period


0:01 of 2nd period - Cedric Pare wins face-off versus Graeme Clarke in neutral zone.
0:06 of 2nd period - Shot by Denis Gurianov.
0:06 of 2nd period - Deflect By Cedric Pare.
0:06 of 2nd period - Shot Misses the Net.
0:08 of 2nd period - Shot by Kyle Capobianco.
0:08 of 2nd period - Stopped by Pavel Cajan with a rebound.
0:10 of 2nd period - Shot by Cedric Pare.
0:10 of 2nd period - Shot Misses the Net.
0:48 of 2nd period - Icing by Shane Wright.
0:49 of 2nd period - Seth Griffith wins face-off versus Shane Wright in Marlies zone.
1:10 of 2nd period - Shot by Cameron Hebig.
1:10 of 2nd period - Stopped by Jakub Dobes without a rebound.
1:11 of 2nd period - Givani Smith wins face-off versus Devin Shore in Marlies zone.
1:45 of 2nd period - Greg McKegg is hit by Taylor Fedun and loses puck.
1:48 of 2nd period - Shot by Greg McKegg.
1:48 of 2nd period - Stopped by Jakub Dobes with a rebound.
2:10 of 2nd period - Shot by Mathieu Olivier.
2:10 of 2nd period - Goal by Mathieu Olivier - Marlies : 5 - Senators : 4.
2:11 of 2nd period - Cedric Pare wins face-off versus Graeme Clarke in neutral zone.
2:28 of 2nd period - Icing by Steven Kampfer.
2:29 of 2nd period - Seth Griffith wins face-off versus Cedric Pare in Marlies zone.
2:37 of 2nd period - Minor Penalty to Dakota Mermis for Holding.
2:38 of 2nd period - Greg McKegg wins face-off versus Shane Wright in Senators zone.
3:24 of 2nd period - Minor Penalty to Milan Lucic for Interference.
3:25 of 2nd period - Denis Gurianov wins face-off versus Greg McKegg in Senators zone.
3:25 of 2nd period - Denis Gurianov is hit by Logan Day.
4:54 of 2nd period - Shot by Taylor Fedun.
4:54 of 2nd period - Shot Blocked by Lassi Thomson.
4:56 of 2nd period - Shot by Austin Poganski.
4:56 of 2nd period - Stopped by Pavel Cajan without a rebound.
4:57 of 2nd period - Greg McKegg wins face-off versus Shane Wright in Senators zone.
5:04 of 2nd period - Shot by Greg McKegg.
5:04 of 2nd period - Stopped by Jakub Dobes with a rebound.
5:17 of 2nd period - Brad Lambert is hit by Lassi Thomson and loses puck.
6:23 of 2nd period - Denis Gurianov is hit by Lassi Thomson and loses puck.
7:20 of 2nd period - Cameron Hebig is hit by Will Bitten and loses puck.
7:42 of 2nd period - Off-side.
7:43 of 2nd period - Tye Felhaber wins face-off versus Shane Wright in neutral zone.
8:39 of 2nd period - Off-side.
8:40 of 2nd period - Austin Poganski wins face-off versus Cal O'Reilly in neutral zone.
9:04 of 2nd period - Minor Penalty to Taylor Fedun for Goalie Interference.
9:05 of 2nd period - Seth Griffith wins face-off versus Will Bitten in Marlies zone.
9:18 of 2nd period - Shot by Gerry Mayhew.
9:18 of 2nd period - Shot Misses the Net.
9:26 of 2nd period - Shot by Graeme Clarke.
9:26 of 2nd period - Shot Blocked by Kyle Capobianco.
9:28 of 2nd period - Shot by Mathieu Olivier.
9:28 of 2nd period - Stopped by Jakub Dobes with a rebound.
9:30 of 2nd period - Shot by Mathieu Olivier.
9:30 of 2nd period - Stopped by Jakub Dobes with a rebound.
9:32 of 2nd period - Shot by Dakota Mermis.
9:32 of 2nd period - Shot Blocked by Kyle Capobianco.
9:34 of 2nd period - Shot by Dakota Mermis.
9:34 of 2nd period - Shot Blocked by Matthew Robertson.
10:36 of 2nd period - Shot by Seth Griffith.
10:36 of 2nd period - Shot Blocked by Layton Ahac.
10:38 of 2nd period - Shot by Seth Griffith.
10:38 of 2nd period - Deflect By Gerry Mayhew.
10:38 of 2nd period - Stopped by Jakub Dobes without a rebound.
10:39 of 2nd period - Tye Felhaber wins face-off versus Devin Shore in Marlies zone.
10:42 of 2nd period - Shot by Peter Abbandonato.
10:42 of 2nd period - Stopped by Jakub Dobes without a rebound.
10:43 of 2nd period - Peter Abbandonato wins face-off versus Devin Shore in Marlies zone.
10:58 of 2nd period - Brad Lambert is hit by Givani Smith.
11:05 of 2nd period - Peter Abbandonato is hit by Taylor Fedun and loses puck.
11:44 of 2nd period - Minor Penalty to Lassi Thomson for Hooking.
11:45 of 2nd period - Greg McKegg wins face-off versus Denis Gurianov in Senators zone.
11:57 of 2nd period - Minor Penalty to Logan Day for Slashing.
11:58 of 2nd period - Greg McKegg wins face-off versus Devin Shore in Senators zone.
12:43 of 2nd period - Cal O'Reilly is hit by Shane Wright and loses puck.
12:53 of 2nd period - Icing by Shane Wright.
12:54 of 2nd period - Greg McKegg wins face-off versus Shane Wright in Marlies zone.
13:19 of 2nd period - Shot by Will Bitten.
13:19 of 2nd period - Shot Misses the Net.
13:21 of 2nd period - Shot by Kyle Capobianco.
13:21 of 2nd period - Shot Misses the Net.
13:23 of 2nd period - Shot by Kyle Capobianco.
13:23 of 2nd period - Shot Misses the Net.
13:25 of 2nd period - Shot by Austin Poganski.
13:25 of 2nd period - Shot Misses the Net.
13:27 of 2nd period - Shot by Kyle Capobianco.
13:27 of 2nd period - Stopped by Pavel Cajan with a rebound.
13:29 of 2nd period - Shot by Austin Poganski.
13:29 of 2nd period - Shot Blocked by Roland McKeown.
13:31 of 2nd period - Shot by Kyle Capobianco.
13:31 of 2nd period - Shot Blocked by Roland McKeown.
14:04 of 2nd period - Graeme Clarke is hit by Layton Ahac and loses puck.
14:13 of 2nd period - Shot by Graeme Clarke.
14:13 of 2nd period - Stopped by Jakub Dobes without a rebound.
14:14 of 2nd period - Cedric Pare wins face-off versus Seth Griffith in Marlies zone.
14:23 of 2nd period - Lassi Thomson is hit by Cedric Pare and loses puck.
15:13 of 2nd period - Shot by Brad Lambert.
15:13 of 2nd period - Stopped by Pavel Cajan without a rebound.
15:14 of 2nd period - Graeme Clarke wins face-off versus Devin Shore in Senators zone.
15:25 of 2nd period - Shot by Gerry Mayhew.
15:25 of 2nd period - Shot Misses the Net.
15:26 of 2nd period - Minor Penalty to Tye Felhaber for Hooking.
15:27 of 2nd period - Devin Shore wins face-off versus Cameron Hebig in Senators zone.
16:12 of 2nd period - Shot by Brad Lambert.
16:12 of 2nd period - Shot Misses the Net.
16:14 of 2nd period - Shot by Taylor Fedun.
16:14 of 2nd period - Stopped by Pavel Cajan without a rebound.
16:15 of 2nd period - Shane Wright wins face-off versus Greg McKegg in Senators zone.
16:26 of 2nd period - Shot by Joe Gambardella.
16:26 of 2nd period - Deflect By Shane Wright.
16:26 of 2nd period - Stopped by Pavel Cajan without a rebound.
16:27 of 2nd period - Greg McKegg wins face-off versus Shane Wright in Senators zone.
16:50 of 2nd period - Shot by Shane Wright.
16:50 of 2nd period - Stopped by Pavel Cajan without a rebound.
16:51 of 2nd period - Cal O'Reilly wins face-off versus Denis Gurianov in Senators zone.
16:56 of 2nd period - Matthew Robertson is hit by Milan Lucic and loses puck.
17:03 of 2nd period - Shot by Callan Foote.
17:03 of 2nd period - Shot Misses the Net.
17:05 of 2nd period - Shot by Devin Shore.
17:05 of 2nd period - Shot Misses the Net.
17:35 of 2nd period - Shot by Cedric Pare.
17:35 of 2nd period - Stopped by Pavel Cajan without a rebound.
17:36 of 2nd period - Cedric Pare wins face-off versus Graeme Clarke in Senators zone.
18:29 of 2nd period - Shot by Cal O'Reilly.
18:29 of 2nd period - Shot Misses the Net.
18:31 of 2nd period - Shot by Milan Lucic.
18:31 of 2nd period - Shot Misses the Net.
18:33 of 2nd period - Shot by Tyler Spezia.
18:33 of 2nd period - Stopped by Jakub Dobes without a rebound.
18:34 of 2nd period - Devin Shore wins face-off versus Peter Abbandonato in Marlies zone.
18:52 of 2nd period - Icing by Lassi Thomson.
18:53 of 2nd period - Peter Abbandonato wins face-off versus Shane Wright in Senators zone.
18:53 of 2nd period - Peter Abbandonato is hit by Shane Wright.
19:46 of 2nd period - Off-side.
19:47 of 2nd period - Cedric Pare wins face-off versus Graeme Clarke in neutral zone.
19:57 of 2nd period - Shot by Tye Felhaber.
19:57 of 2nd period - Deflect By Gerry Mayhew.
19:57 of 2nd period - Shot Misses the Net.
Goals for this period are 0 for Marlies vs 1 for Senators.
Shots for this period are 8 for Marlies vs 10 for Senators.

3rd period


0:01 of 3rd period - Devin Shore wins face-off versus Graeme Clarke in neutral zone.
0:01 of 3rd period - Denis Gurianov is hit by Gerry Mayhew.
0:03 of 3rd period - Shot by Devin Shore.
0:03 of 3rd period - Stopped by Pavel Cajan with a rebound.
1:01 of 3rd period - Shot by Seth Griffith.
1:01 of 3rd period - Shot Blocked by Joe Gambardella.
1:06 of 3rd period - Joe Gambardella is hit by Dakota Mermis and loses puck.
1:30 of 3rd period - Joe Gambardella is hit by Mathieu Olivier and loses puck.
2:03 of 3rd period - Shot by Cedric Pare.
2:03 of 3rd period - Shot Blocked by Givani Smith.
2:19 of 3rd period - Cedric Pare is hit by Greg McKegg.
2:50 of 3rd period - Shot by Denis Gurianov.
2:50 of 3rd period - Shot Misses the Net.
3:04 of 3rd period - Joe Gambardella is hit by Tye Felhaber and loses puck.
3:16 of 3rd period - Shot by Shane Wright.
3:16 of 3rd period - Shot Misses the Net.
3:18 of 3rd period - Shot by Shane Wright.
3:18 of 3rd period - Goal by Shane Wright - Marlies : 6 - Senators : 4.
3:19 of 3rd period - Cal O'Reilly wins face-off versus Cedric Pare in neutral zone.
3:37 of 3rd period - Shot by Milan Lucic.
3:37 of 3rd period - Stopped by Jakub Dobes with a rebound.
3:39 of 3rd period - Shot by Lassi Thomson.
3:39 of 3rd period - Shot Blocked by Layton Ahac.
3:41 of 3rd period - Shot by Lassi Thomson.
3:41 of 3rd period - Shot Blocked by Layton Ahac.
4:19 of 3rd period - Minor Penalty to Matthew Robertson for High sticking.
4:20 of 3rd period - Gerry Mayhew wins face-off versus Will Bitten in Marlies zone.
4:35 of 3rd period - Shot by Mathieu Olivier.
4:35 of 3rd period - Shot Misses the Net.
4:37 of 3rd period - Shot by Gerry Mayhew.
4:37 of 3rd period - Stopped by Jakub Dobes without a rebound.
4:38 of 3rd period - Will Bitten wins face-off versus Peter Abbandonato in Marlies zone.
4:38 of 3rd period - Will Bitten is hit by Tye Felhaber.
4:56 of 3rd period - Shot by Jon Merrill.
4:56 of 3rd period - Shot Hit the Post.
4:58 of 3rd period - Shot by Givani Smith.
4:58 of 3rd period - Shot Misses the Net.
5:00 of 3rd period - Shot by Cameron Hebig.
5:00 of 3rd period - Shot Misses the Net.
5:21 of 3rd period - Seth Griffith is hit by Callan Foote.
5:33 of 3rd period - Shot by Graeme Clarke.
5:33 of 3rd period - Shot Blocked by Callan Foote.
6:15 of 3rd period - Minor Penalty to Layton Ahac for Interference.
6:16 of 3rd period - Shane Wright wins face-off versus Peter Abbandonato in Marlies zone.
6:25 of 3rd period - Shot by Peter Abbandonato.
6:25 of 3rd period - Shot Misses the Net.
6:35 of 3rd period - Shot by Givani Smith.
6:35 of 3rd period - Shot Misses the Net.
6:37 of 3rd period - Shot by Tye Felhaber.
6:37 of 3rd period - Stopped by Jakub Dobes without a rebound.
6:38 of 3rd period - Shane Wright wins face-off versus Seth Griffith in Marlies zone.
6:47 of 3rd period - Shane Wright is hit by Mathieu Olivier and loses puck.
6:54 of 3rd period - Shot by Jon Merrill.
6:54 of 3rd period - Stopped by Jakub Dobes without a rebound.
6:55 of 3rd period - Will Bitten wins face-off versus Peter Abbandonato in Marlies zone.
7:05 of 3rd period - Off-side.
7:06 of 3rd period - Joe Gambardella wins face-off versus Mathieu Olivier in neutral zone.
7:17 of 3rd period - Shot by Seth Griffith.
7:17 of 3rd period - Shot Misses the Net.
7:30 of 3rd period - Icing by Dakota Mermis.
7:31 of 3rd period - Seth Griffith wins face-off versus Will Bitten in Senators zone.
7:56 of 3rd period - Off-side.
7:57 of 3rd period - Devin Shore wins face-off versus Peter Abbandonato in neutral zone.
8:21 of 3rd period - Shot by Roland McKeown.
8:21 of 3rd period - Shot Misses the Net.
8:42 of 3rd period - Minor Penalty to Tyler Spezia for Roughing.
8:43 of 3rd period - Greg McKegg wins face-off versus Devin Shore in Senators zone.
9:00 of 3rd period - Shot by Austin Poganski.
9:00 of 3rd period - Shot Misses the Net.
9:02 of 3rd period - Shot by Austin Poganski.
9:02 of 3rd period - Shot Blocked by William Villeneuve.
9:04 of 3rd period - Shot by Taylor Fedun.
9:04 of 3rd period - Shot Blocked by Logan Day.
9:06 of 3rd period - Shot by Denis Gurianov.
9:06 of 3rd period - Stopped by Pavel Cajan without a rebound.
9:07 of 3rd period - Greg McKegg wins face-off versus Shane Wright in Senators zone.
9:21 of 3rd period - Greg McKegg is hit by Callan Foote and loses puck.
10:33 of 3rd period - Shot by Denis Gurianov.
10:33 of 3rd period - Shot Misses the Net.
10:49 of 3rd period - Shot by Michael Milne.
10:49 of 3rd period - Shot Misses the Net.
11:08 of 3rd period - Shot by Tyler Spezia.
11:08 of 3rd period - Stopped by Jakub Dobes without a rebound.
11:09 of 3rd period - Cedric Pare wins face-off versus Seth Griffith in Marlies zone.
11:09 of 3rd period - Kyle Capobianco is hit by Mathieu Olivier.
11:22 of 3rd period - Seth Griffith is hit by Cedric Pare and loses puck.
11:42 of 3rd period - Seth Griffith is hit by Matthew Robertson and loses puck.
11:50 of 3rd period - Icing by Matthew Robertson.
11:51 of 3rd period - Graeme Clarke wins face-off versus Cedric Pare in Marlies zone.
11:59 of 3rd period - Gerry Mayhew is hit by Kyle Capobianco and loses puck.
12:04 of 3rd period - Shot by Gerry Mayhew.
12:04 of 3rd period - Stopped by Jakub Dobes without a rebound.
12:05 of 3rd period - Peter Abbandonato wins face-off versus Shane Wright in Marlies zone.
12:16 of 3rd period - Givani Smith is hit by Brad Lambert and loses puck.
13:04 of 3rd period - Shot by Denis Gurianov.
13:04 of 3rd period - Stopped by Pavel Cajan without a rebound.
13:05 of 3rd period - Mathieu Olivier wins face-off versus Cedric Pare in Senators zone.
14:35 of 3rd period - Austin Poganski is hit by Gerry Mayhew and loses puck.
14:53 of 3rd period - Icing by Graeme Clarke.
14:54 of 3rd period - Shane Wright wins face-off versus Graeme Clarke in Senators zone.
14:55 of 3rd period - Shot by Brad Lambert.
14:55 of 3rd period - Stopped by Pavel Cajan without a rebound.
14:56 of 3rd period - Peter Abbandonato wins face-off versus Shane Wright in Senators zone.
14:56 of 3rd period - Peter Abbandonato is hit by Joe Gambardella.
14:59 of 3rd period - Icing by Givani Smith.
15:00 of 3rd period - Givani Smith wins face-off versus Shane Wright in Senators zone.
15:00 of 3rd period - Givani Smith is hit by Shane Wright.
15:21 of 3rd period - Icing by Brad Lambert.
15:22 of 3rd period - Shane Wright wins face-off versus Cal O'Reilly in Marlies zone.
15:44 of 3rd period - Joe Gambardella is hit by Lassi Thomson and loses puck.
15:58 of 3rd period - Shot by Tyler Spezia.
15:58 of 3rd period - Stopped by Jakub Dobes with a rebound.
15:59 of 3rd period - Minor Penalty to Layton Ahac for Tripping.
16:00 of 3rd period - Seth Griffith wins face-off versus Will Bitten in Marlies zone.
17:07 of 3rd period - Shot by Cameron Hebig.
17:07 of 3rd period - Stopped by Jakub Dobes without a rebound.
17:08 of 3rd period - Peter Abbandonato wins face-off versus Devin Shore in Marlies zone.
17:09 of 3rd period - Shot by Cameron Hebig.
17:09 of 3rd period - Stopped by Jakub Dobes with a rebound.
17:36 of 3rd period - Shot by Tye Felhaber.
17:36 of 3rd period - Shot Blocked by Taylor Fedun.
18:14 of 3rd period - Shot by Cal O'Reilly.
18:14 of 3rd period - Shot Misses the Net.
18:16 of 3rd period - Shot by Milan Lucic.
18:16 of 3rd period - Stopped by Jakub Dobes without a rebound.
18:17 of 3rd period - Shane Wright wins face-off versus Cal O'Reilly in Marlies zone.
18:27 of 3rd period - Brad Lambert is hit by Dakota Mermis.
19:07 of 3rd period - Shot by Seth Griffith.
19:07 of 3rd period - Shot Hit the Post.
19:09 of 3rd period - Shot by Mathieu Olivier.
19:09 of 3rd period - Deflect By Seth Griffith.
19:09 of 3rd period - Shot Misses the Net.
19:17 of 3rd period - Shot by Seth Griffith.
19:17 of 3rd period - Stopped by Jakub Dobes without a rebound.
19:18 of 3rd period - Graeme Clarke wins face-off versus Devin Shore in Marlies zone.
19:23 of 3rd period - Shot by Gerry Mayhew.
19:23 of 3rd period - Stopped by Jakub Dobes with a rebound.
19:24 of 3rd period - Minor Penalty to Gerry Mayhew for Holding.
19:25 of 3rd period - Greg McKegg wins face-off versus Devin Shore in Senators zone.
19:51 of 3rd period - Icing by Denis Gurianov.
19:52 of 3rd period - Greg McKegg wins face-off versus Devin Shore in Marlies zone.
19:52 of 3rd period - Mathieu Olivier is hit by Callan Foote and loses puck.
Goals for this period are 1 for Marlies vs 0 for Senators.
Shots for this period are 5 for Marlies vs 12 for Senators.